 Dungeon Crawl Stone Soup version 0.22.0-38-g04b72b8 (webtiles) character file.

298 Loudmushroom the Skirmisher (level 6, -6/38 HPs)
             Began as a Gargoyle Fighter on Aug 25, 2018.
             Was a Follower of the Shining One.
             Mangled by an orc warrior
             ... wielding a +0 hand axe
              (10 damage)
             ... on level 4 of the Dungeon.
             The game lasted 00:10:09 (2413 turns).

Loudmushroom the Skirmisher (Gargoyle Fighter)      Turns: 2413, Time: 00:10:10

Health: -6/38      AC: 13    Str: 20    XL:     6   Next: 36%
Magic:  7/7        EV:  5    Int:  8    God:    the Shining One [*.....]
Gold:   138        SH:  9    Dex: 11    Spells: 5/5 levels left

rFire    . . .     SeeInvis .   a - +0 war axe
rCold    . . .     Gourm    .   c - +0 shield
rNeg     + . .     Faith    .   o - +0 chain mail
rPois    ∞         Spirit   .   (no helmet)
rElec    +         Reflect  .   (no cloak)
rCorr    .         Harm     .   (no gloves)
MR       .....                  (no boots)
Stlth    ..........             (no amulet)
HPRegen  0.12/turn              (no ring)
MPRegen  0.10/turn              (no ring)

@: glowing
A: negative energy resistance 1, electricity resistance, unbreathing,
petrification resistance, rot immunity, AC +4
a: Renounce Religion


You were on level 4 of the Dungeon.
You worshipped the Shining One.
The Shining One was aware of your devotion.
You were not hungry.

You visited 1 branch of the dungeon, and saw 4 of its levels.

You collected 138 gold pieces.

Inventory:

Hand Weapons
 a - a +0 war axe (weapon)
 p - a +0 hunting sling
Missiles
 e - 137 stones
 h - 32 poisoned needles
 k - 63 bolts
 q - 6 javelins (quivered)
 t - 7 needles of confusion
 u - 19 sling bullets
Armour
 c - a +0 shield (worn)
 o - a +0 chain mail (worn)
Wands
 m - a wand of flame (49)
 s - a wand of enslavement (11)
Scrolls
 b - 3 scrolls of remove curse {unknown}
 i - 4 scrolls of identify {unknown}
 l - 5 scrolls of amnesia {unknown}
 v - 2 scrolls of teleportation {unknown}
Potions
 d - a potion of might
 j - 2 potions of curing {unknown}
 n - 2 potions of lignification {unknown}
 r - 2 potions of flight {unknown}
Comestibles
 f - 7 rations
 g - 18 chunks of flesh


   Skills:
 + Level 4.3 Fighting
 * Level 3.7 Axes
 + Level 4.2 Armour
 + Level 4.3 Shields
 + Level 1.5 Invocations
 + Level 1.1 Evocations


You had 5 spell levels left.
You didn't know any spells.
Your spell library was empty.

Dungeon Overview and Level Annotations

Branches:
Dungeon (4/15)
 Temple: D:4-7

Altars:
Elyvilon
Fedhas
Qazlal
The Shining One


Innate Abilities, Weirdness & Mutations

You are resistant to torment.
Your stone body is resilient. (AC +4)
You are immune to poison.
You resist negative energy. (rN+)
You are resistant to electric shocks. (rElec)
You can survive without breathing.
You are immune to petrification.
You are immune to rotting.


Message History

You hit the orc.
The orc warrior hits you but does no damage.
The orc barely misses you.
You barely miss the orc warrior.
The orc warrior is severely wounded.
You hit the orc.
The orc warrior hits you with a hand axe!
* * * LOW HITPOINT WARNING * * *
The orc hits you with a falchion.
* * * LOW HITPOINT WARNING * * *
The orc hits you with a flail.
* * * LOW HITPOINT WARNING * * *
You block the orc warrior's attack.
You hit the orc warrior but do no damage.
The orc warrior is severely wounded.
You hit the orc. x2
You kill the orc!
The orc hits you but does no damage.
The orc warrior hits you with a hand axe!
You die...

..... ..... #.#
......### ##.# ........#
#...###### ....#.##
..#......#
..!.....##.##......# ##
....#olo...##......##..
.....#@...# #..<......#
...........###.......###
........................
.........%?..........###
........................
....................####
....................####
.....<........##........
......!........#....###


You could see an orc warrior, an orc and a frilled lizard.

Vanquished Creatures
  A howler monkey (D:4)
  An orc priest (D:4)
  An orc wizard (D:4)
  Jessica (D:3)
  Ijyb (D:3)
  Terence (D:2)
  4 gnolls (D:4)
  2 adders (D:2)
  An ooze (D:1)
  An adder skeleton (D:4)
  2 dart slugs
  4 leopard geckos
  7 orcs
  A ball python (D:4)
  5 giant cockroaches
  A goblin (D:3)
  6 hobgoblins
  2 bats
  7 frilled lizards
  2 kobolds
  A quokka skeleton (D:3)
  6 rats
58 creatures vanquished.

Notes
Turn   | Place    | Note
-------+----------+-------------------------------------------
     0 | D:1      | Loudmushroom the Gargoyle Fighter began the quest for the Orb.
     0 | D:1      | Reached XP level 1. HP: 14/14 MP: 1/1
    93 | D:1      | Reached XP level 2. HP: 17/19 MP: 2/2
   378 | D:1      | Found a glowing golden altar of the Shining One.
   408 | D:1      | Became a worshipper of the Shining One
   699 | D:1      | Reached XP level 3. HP: 23/23 MP: 3/3
   732 | D:2      | Noticed Terence
   736 | D:2      | Found a stormy altar of Qazlal.
   747 | D:2      | Killed Terence
   853 | D:2      | Reached XP level 4. HP: 28/29 MP: 4/4
  1499 | D:3      | Noticed Ijyb
  1526 | D:3      | Killed Ijyb
  1663 | D:3      | Noticed Jessica
  1672 | D:3      | Killed Jessica
  1672 | D:3      | Reached XP level 5. HP: 31/33 MP: 5/5
  1817 | D:3      | Found a blossoming altar of Fedhas.
  1894 | D:3      | Found a white marble altar of Elyvilon.
  2183 | D:4      | Reached * piety under the Shining One
  2190 | D:4      | Reached skill level 1 in Invocations
  2230 | D:4      | Reached skill level 1 in Evocations
  2230 | D:4      | Reached XP level 6. HP: 23/38 MP: 5/7
  2405 | D:4      | Noticed an orc warrior
  2413 | D:4      | Mangled by an orc warrior

Skill      XL: |  1  2  3  4  5 |
---------------+----------------+-----
Axes           | 2 3 |  3.7
Shields        | 4 |  4.3
Fighting       | 4 |  4.3
Armour         | 4 |  4.2
Invocations    | 1 |  1.5
Evocations     | 1 |  1.1

Action                   |  1- 3 |  4- 6 || total
-------------------------+-------+-------++-------
Melee: War axe           |    72 |   129 ||   201
  Eat: Chunk             |       |     5 ||     5
Armor: Scale mail        |    27 |       ||    27
       Chain mail        |       |    81 ||    81
Dodge: Dodged            |    27 |    22 ||    49
Block: Shield            |    34 |    58 ||    92
